 Dungeon Crawl Stone Soup version 0.30-a0-949-g53dc5368d7 (webtiles) character file.

Game seed: 15662203535778396230

16606 Querens the Blocker (level 12, -6/99 HPs)
             Began as a Formicid Fighter on Mar 27, 2023.
             Was a High Priest of Okawaru.
             Mangled by a minotaur
             ... wielding a +2 heavy mace
              (20 damage)
             ... in a Gauntlet.
             The game lasted 00:29:16 (7525 turns).

Querens the Blocker (Formicid Fighter)              Turns: 7525, Time: 00:29:17

Health: -6/99      AC: 20    Str: 26    XL:     12   Next: 72%
Magic:  13/18      EV: 10    Int:  8    God:    Okawaru [*****.]
Gold:   297        SH: 17    Dex: 19    Spells: 9/11 levels left

rFire   + . .      SeeInvis +    R - +6 battleaxe (vamp)
rCold   + . .      Faith    +    I - +2 kite shield {reflect}
rNeg    + + +      Spirit   .    c - +0 plate armour
rPois   .          Reflect  +    (helmet unavailable)
rElec   .          Rampage  .    s - +0 cloak
rCorr   .                        (no gloves)
Will    +....                    b - +0 pair of boots "Emaneakhle" {rN+++ Dex+6 Stlth-} Stlth
                                 g - amulet of faith
HPRegen 0.36/turn                i - ring of protection from cold
MPRegen 0.16/turn                x - ring of protection from fire

@: heroic, finesse-ful
A: permanent stasis, dig shafts and tunnels, antennae 3, four strong arms
a: Dig, Renounce Religion, Heroism, Finesse, Duel


You were in a Gauntlet.
You worshipped Okawaru.
Okawaru was extremely pleased with you.
You visited 2 branches of the dungeon, and saw 12 of its levels.
You also visited: Gauntlet.

You collected 584 gold pieces.
You spent 287 gold pieces at shops.

Inventory:

Hand Weapons
 N - the +6 war axe of Osabori {flame, rPois}
   (You found it on level 7 of the Dungeon)

   rPois:     It protects you from poison.
 R - a +6 vampiric battleaxe (weapon)
Missiles
 h - a curare-tipped dart
 M - a throwing net
Armour
 b - the +0 pair of boots "Emaneakhle" (worn) {rN+++ Dex+6 Stlth-}
   (You found it on level 6 of the Dungeon)

   Dex:       It affects your dexterity (+6).
   rN:        It renders you almost immune to negative energy.
   Stlth:     It makes you less stealthy.
 c - a +0 plate armour (worn)
 s - a +0 cloak (worn)
 H - the +0 chain mail of Modesty {rElec}
   (You found it on level 6 of the Dungeon)

   rElec:     It insulates you from electricity.
 I - a +2 kite shield of reflection (worn)
 O - a +2 ring mail of fire resistance
 U - the +0 pair of gloves of the Fifty Mouths {Fly rC+ rN+}
   (Okawaru gifted it to you on level 11 of the Dungeon)

   rC:        It protects you from cold.
   rN:        It protects you from negative energy.
   Fly:       It grants you flight.
Jewellery
 g - an amulet of faith (around neck)
 i - a ring of protection from cold (left hand)
 m - a +6 ring of intelligence
 o - an amulet of regeneration
 x - a ring of protection from fire (right hand)
 G - a ring of ice
Wands
 w - a wand of quicksilver (3)
 C - a wand of flame (19)
 D - a wand of polymorph (5)
 E - a wand of iceblast (36)
 K - a wand of paralysis (13)
 S - a wand of mindburst (2)
Scrolls
 a - a scroll of torment {unknown}
 f - a scroll of noise {unknown}
 j - a scroll of magic mapping {unknown}
 n - a scroll of enchant armour {unknown}
 t - 3 scrolls of fog
 u - 2 scrolls of butterflies {unknown}
 y - 2 scrolls of fear
 z - 2 scrolls of poison
 A - 2 scrolls of immolation
 J - 2 scrolls of amnesia {unknown}
 P - 3 scrolls of enchant weapon
Potions
 d - 2 potions of might
 e - a potion of curing
 k - 4 potions of lignification
 l - 2 potions of brilliance
 p - a potion of resistance
 q - 5 potions of haste
 r - a potion of cancellation
 v - 2 potions of ambrosia
 F - 3 potions of attraction
 L - a potion of magic {unknown}
Miscellaneous
 Q - a condenser vane


   Skills:
 + Level 10.8(15.8) Fighting
 + Level 9.7(14.7) Axes
 + Level 10.8(15.8) Armour
 + Level 12.8(17.8) Shields
 + Level 8.3 Invocations


You had 9 spell levels left.
You knew the following spells:

 Your Spells              Type           Power      Damage    Failure   Level
a - Wereblood             Tmut           0%         N/A       99%         2

Your spell library contained the following spells:

 Spells                   Type           Power      Damage    Failure   Level
 Freeze                   Ice            0%         1d3       98%         1
 Magic Dart               Conj           0%         1d3       98%         1
 Ensorcelled Hibernation  Hex/Ice        0%         N/A       99%         2
 Lesser Beckoning         Tloc           0%         N/A       99%         2
 Momentum Strike          Conj/Tloc      0%         3d8       99%         2
 Passwall                 Tmut/Erth      0%         N/A       99%         2
 Searing Ray              Conj           0%         2d4       99%         2
 Sublimation of Blood     Necr           0%         N/A       99%         2
 Dazzling Flash           Conj/Hex       0%         N/A       100%        3
 Frozen Ramparts          Ice            0%         1d1       100%        3
 Hailstorm                Conj/Ice       0%         3d3       100%        3
 Mephitic Cloud           Conj/Pois/Air  0%         N/A       100%        3
 Fulminant Prism          Conj/Hex       0%         3d5       100%        4
 Arcjolt                  Conj/Air       0%         1d10      100%        5
 Blink                    Tloc           Unusable   N/A       N/A         2
 Call Imp                 Summ           Unusable   N/A       N/A         2
 Swiftness                Air            Unusable   N/A       N/A         3
 Summon Hydra             Summ           Unusable   N/A       N/A         7

Dungeon Overview and Level Annotations

Branches:
Dungeon (11/15)            Temple (1/1) D:5            Lair (0/5) D:10
Gauntlet (1/1)
    Orc: D:9-12

Altars:
Ashenzari
Cheibriados
Dithmenos
Elyvilon
Fedhas
Gozag
Hepliaklqana
Kikubaaqudgha
Makhleb
Nemelex Xobeh
Okawaru
Qazlal
Ru
Sif Muna
Trog
Uskayaw
Vehumet
Wu Jian
Xom
Yredelemnul
Zin
The Shining One

Shops:
D:4 *

Annotations:
Gauntlet 4 transporters, exclusion: orange crystal statue


Innate Abilities, Weirdness & Mutations

You cannot be hasted, slowed, berserked, paralysed or teleported.
You can dig through walls and to a lower floor.
You have a pair of large antennae on your head. (SInv)
Your four strong arms can wield two-handed weapons with a shield.


Message History

You feel much better. The wolf spider hits you!
* * * LOW HITPOINT WARNING * * *
You block the wolf spider's attack.
The minotaur throws a silver javelin.
The silver javelin pierces through you but does no damage.
* * * LOW HITPOINT WARNING * * *
You slice the wolf spider!!
You kill the wolf spider!
Okawaru accepts your kill.
The minotaur throws a silver javelin.
The silver javelin pierces through you but does no damage.
* * * LOW HITPOINT WARNING * * *
You are confused.
You feel invigorated.
The minotaur throws a silver javelin.
The silver javelin pierces through you!!
* * * LOW HITPOINT WARNING * * *
x2 The minotaur hits you with a +2 heavy mace.
* * * LOW HITPOINT WARNING * * *
The minotaur closely misses you.
The minotaur hits you with a +2 heavy mace!
* * * LOW HITPOINT WARNING * * *
The minotaur closely misses you.
The minotaur hits you but does no damage.
The minotaur gores you but does no damage.
The minotaur barely misses you.
The minotaur gores you but does no damage.
You feel less invigorated.
You feel less confused. You block the minotaur's attack.
The minotaur gores you but does no damage.
You can now deal lightning-fast blows.
The minotaur hits you with a +2 heavy mace!!
* * * LOW HITPOINT WARNING * * *
You block the minotaur's attack.
You closely miss the minotaur. You hit the minotaur but do no damage.
You slice the minotaur!!
The minotaur is moderately wounded.
The minotaur hits you with a +2 heavy mace!!
You die...

..8.#...©#.8.#.....
....#©..8#.⌠.#.8.###
.#########.8.#.©...
.#.###...#...#.8.#
.#.#...#.#...#.©.#
.#..^###.#.8.#.8.#
.#.#.©.#.#.∩.#.©.#
.#.###^..#.8.#.8.#
.#.#...#.#...#.©@# #
.#...©...#...#.8H#.#...
.#########.8.#.©...H....
....#©..8#.⌠.#.8.###.##.
..8.#...©#.8.#......
....#©..8#...#...###
.#########...#≈≈≈#
.#.......#..###≈##
.#.####..#.## ###


You could see a minotaur.

Vanquished Creatures
  The ghost of Ignak the Ogre Mage, a novice OgHW of Okawaru (D:8)
  6 two-headed ogres
  A death yak (D:10)
  A wizard (Gauntlet)
  Pikel (D:3)
  A wolf spider (Gauntlet)
  A smoke demon (Gauntlet)
  A gargoyle (D:11)
  Maggie (D:7)
  2 unseen horrors
  Psyche (D:11)
  A komodo dragon (D:11)
  A troll (D:10)
  2 queen bees
  Grinder (D:4)
  A hornet (D:8)
  Prince Ribbit (D:7)
  Sigmund (D:2)
  2 wraiths
  19 yaks
  2 wyverns
  2 steam dragons
  Menkaure (D:7)
  A water moccasin (D:6)
  4 black bears
  An orc warrior (D:7)
  An ice beast (D:5)
  A sky beast (D:7)
  2 ogres
  2 centaurs
  4 bullfrogs
  2 gnoll sergeants
  3 scorpions
  4 wights (D:9)
  14 killer bees
  7 howler monkeys
  3 crimson imps (Gauntlet)
  A jelly (D:8)
  5 hounds
  5 orc priests
  Crazy Yiuf (D:2)
  Jessica (D:3)
  2 iguanas (D:4)
  8 orc wizards
  Robin (D:4)
  10 gnolls
  4 adders
  A shadow imp (Gauntlet)
  A white imp (D:7)
  2 ufetubi (D:5)
  A worm (D:2)
  2 dart slugs
  45 orcs
  2 bats
  6 endoplasms
  6 giant cockroaches
  9 goblins
  9 hobgoblins
  2 kobolds (D:3)
  6 ball pythons
  4 frilled lizards
  5 rats
239 creatures vanquished.

Vanquished Creatures (others)
  A killer bee (D:8)
  2 fungi (D:6)
3 creatures vanquished.

Grand Total: 242 creatures vanquished

Notes
Turn   | Place    | Note
-------+----------+-------------------------------------------
     0 | D:1      | Querens the Formicid Fighter began the quest for the Orb.
     0 | D:1      | Reached XP level 1. HP: 18/18 MP: 1/1
   427 | D:1      | Reached XP level 2. HP: 24/24 MP: 2/2
   697 | D:2      | Noticed Sigmund
   806 | D:2      | Reached XP level 3. HP: 28/29 MP: 3/3
  1054 | D:2      | Killed Sigmund
  1055 | D:2      | Reached skill level 5 in Shields
  1055 | D:2      | Reached XP level 4. HP: 15/38 MP: 4/4
  1055 | D:2      | Reached XP level 5. HP: 17/43 MP: 5/5
  1055 | D:2      | Reached XP level 6. HP: 19/49 MP: 6/6
  1077 | D:2      | Found a runed translucent door.
  1078 | D:2      | Noticed Crazy Yiuf
  1090 | D:2      | Killed Crazy Yiuf
  1228 | D:3      | You fall into a shaft and drop 1 floor!
  1289 | D:3      | Found a shadowy altar of Dithmenos.
  1613 | D:3      | Noticed Jessica
  1619 | D:3      | Killed Jessica
  1683 | D:4      | Found Bunitaq's General Store.
  1845 | D:5      | Entered Level 5 of the Dungeon
  1926 | D:4      | Reached XP level 7. HP: 55/55 MP: 7/7
  1967 | D:4      | Reached skill level 5 in Fighting
  1967 | D:4      | Reached skill level 5 in Armour
  1967 | D:4      | Reached skill level 6 in Shields
  2201 | D:4      | Noticed Robin
  2237 | D:4      | Killed Robin
  2252 | D:4      | Noticed Grinder
  2293 | D:4      | Noticed Pikel
  2345 | D:3      | Killed Pikel
  2346 | D:3      | Reached skill level 7 in Shields
  2346 | D:3      | Reached XP level 8. HP: 38/64 MP: 8/8
  2372 | D:4      | Killed Grinder
  2373 | D:4      | Reached skill level 5 in Axes
  2520 | D:5      | Found a staircase to the Ecumenical Temple.
  2531 | Temple   | Entered the Ecumenical Temple
  2620 | Temple   | Became a worshipper of Warmaster Okawaru
  3034 | D:5      | Reached XP level 9. HP: 71/71 MP: 9/9
  3089 | D:5      | Reached skill level 8 in Shields
  3130 | D:5      | Found an ornate altar of the Wu Jian Council.
  3252 | D:5      | Reached * piety under Okawaru
  3707 | D:6      | Identified the +0 chain mail of Modesty {rElec}
  3754 | D:6      | Identified the +0 pair of boots "Emaneakhle" {rN+++ Dex+6
                  | Stlth-}
  3900 | D:6      | Found an ancient bone altar of Kikubaaqudgha.
  3910 | D:6      | Found a broken altar of Ashenzari.
  4194 | D:4      | Bought a +2 kite shield of reflection for 259 gold pieces
  4194 | D:4      | Bought a scroll of identify for 28 gold pieces
  4310 | D:7      | Reached skill level 9 in Shields
  4417 | D:7      | Reached ** piety under Okawaru
  4421 | D:7      | Noticed Maggie
  4440 | D:7      | Killed Maggie
  4441 | D:7      | Reached skill level 1 in Invocations
  4441 | D:7      | Reached XP level 10. HP: 69/80 MP: 8/11
  4533 | D:7      | Noticed Prince Ribbit
  4554 | D:7      | Killed Prince Ribbit
  4569 | D:7      | Found a blossoming altar of Fedhas.
  4648 | D:7      | Noticed Menkaure
  4656 | D:7      | Killed Menkaure
  4751 | D:7      | Identified the +6 war axe of Osabori {flame, rPois}
  4883 | D:8      | Noticed an unseen horror
  4896 | D:8      | Killed an unseen horror
  4897 | D:8      | Reached skill level 10 in Shields
  4955 | D:8      | Reached *** piety under Okawaru
  5140 | D:8      | Found a transporter.
  5144 | D:8      | Found a transporter.
  5186 | D:8      | Received a gift from Okawaru
  5313 | D:8      | Noticed a two-headed ogre
  5322 | D:8      | Killed a two-headed ogre
  5472 | D:8      | Noticed Ignak's ghost (novice OgHW)
  5508 | D:8      | Killed Ignak's ghost
  5509 | D:8      | Reached skill level 5 in Invocations
  5509 | D:8      | Reached XP level 11. HP: 85/89 MP: 14/14
  5624 | D:9      | Noticed a two-headed ogre
  5635 | D:9      | Killed a two-headed ogre
  5635 | D:9      | Reached **** piety under Okawaru
  5636 | D:9      | Reached skill level 11 in Shields
  5687 | D:9      | Noticed a two-headed ogre
  5696 | D:9      | Killed a two-headed ogre
  5896 | D:9      | Noticed a two-headed ogre
  5904 | D:9      | Killed a two-headed ogre
  6302 | D:9      | Reached ***** piety under Okawaru
  6445 | D:10     | Entered Level 10 of the Dungeon
  6448 | D:10     | Noticed a death yak
  6534 | D:10     | Reached skill level 10 in Armour
  6539 | D:10     | Reached skill level 10 in Fighting
  6569 | D:10     | Learned a level 2 spell: Wereblood
  6612 | D:10     | Received a gift from Okawaru
  6685 | D:10     | Reached XP level 12. HP: 97/97 MP: 17/17
  6686 | D:10     | Reached skill level 12 in Shields
  6695 | D:10     | Killed a death yak
  6911 | D:10     | Found a staircase to the Lair.
  7174 | D:11     | Noticed a two-headed ogre
  7178 | D:11     | Noticed Psyche
  7185 | D:11     | Killed a two-headed ogre
  7188 | D:11     | Killed Psyche
  7192 | D:11     | Noticed a two-headed ogre
  7201 | D:11     | Killed a two-headed ogre
  7201 | D:11     | Identified the +0 pair of gloves of the Fifty Mouths {Fly
                  | rC+ rN+} (Okawaru gifted it to you on level 11 of the
                  | Dungeon)
  7201 | D:11     | Received a gift from Okawaru
  7226 | D:11     | Found a gate leading to a gauntlet.
  7236 | Gauntlet | Entered a Gauntlet
  7236 | Gauntlet | Found a transporter.
  7242 | Gauntlet | Found a transporter.
  7243 | Gauntlet | Found a transporter.
  7248 | Gauntlet | Found a transporter.
  7255 | Gauntlet | Found a transporter.
  7259 | Gauntlet | Found a transporter.
  7264 | Gauntlet | Found a transporter.
  7271 | Gauntlet | Found a transporter.
  7275 | Gauntlet | Found a transporter.
  7280 | Gauntlet | Found a transporter.
  7290 | Gauntlet | Found a transporter.
  7291 | Gauntlet | Found a transporter.
  7296 | Gauntlet | Found a transporter.
  7300 | Gauntlet | Noticed an entropy weaver
  7303 | Gauntlet | Found a transporter.
  7489 | Gauntlet | Got the Volume of Cunning Ozone
  7505 | Gauntlet | Noticed a minotaur
  7525 | Gauntlet | Mangled by a minotaur

Illustrated notes

Levels and vault maps discovered:
D:1:      erik_arrival_orb_chamber, layout_basic, minmay_misc_feat_rugged,
          dreamdust_princess_corridor
D:2:      layout_rooms, uniq_crazy_yiuf_cottage, uniq_sigmund
D:3:      layout_basic, grunt_dithmenos_smoke_and_mirrors, minivault_27,
          uniq_jessica
D:4:      layout_loops_cross, serial_shops, nicolae_shop_hallway_stairs,
          grunt_ministairs_9, uniq_pikel, uniq_robin, uniq_grinder
D:5:      layout_loops_corners, mainiacjoe_overflow_24_doors, temple_doors_e
D:6:      layout_gridville, mainiacjoe_overflow_catwalk_spiral,
          dreamdust_mushroom_princess
D:7:      layout_gridville, mainiacjoe_overflow_tiny_flanked, uniq_maggie,
          uniq_prince_ribbit1, uniq_menkaure
D:8:      layout_loops_ring, gammafunk_ghost_hive, corner_web_ring,
          minmay_misc_feat_rows
D:9:      layout_grid_maze, st_stairs_5, hangedman_decor_riveting
D:10:     layout_layer_cave, david_lair_generic
D:11:     layout_cave_pools, orc_0_dummy, gauntlet_entry_generic, serial_shops,
          nicolae_take_the_stairs, nicolae_figureground_sparkle, uniq_psyche
Temple:   bh_familiar_temple
Gauntlet: gammafunk_gauntlet_77_escape_option
          [minmay_gauntlet_arena_77_double_cross,
          minmay_gauntlet_arena_77_terracotta_army,
          minmay_gauntlet_arena_77_broken_ladder, minmay_gauntlet_arena_77_box,
          minmay_gauntlet_arena_77_radiant_squares,
          nicolae_gauntlet_exit_dead_adventurers]

Skill      XL: |  1  2  3  4  5  6  7  8  9 10 11 12 |
---------------+-------------------------------------+-----
Fighting       | 4 5 6 7 9 10 | 10.8
Axes           | 3 4 5 6 7 8 9 |  9.7
Armour         | 4 5 6 7 9 10 | 10.8
Shields        | 5 7 9 10 11 12 | 12.8
Invocations    | 1 5 6 8 |  8.3

Action                     |  1- 3 |  4- 6 |  7- 9 | 10-12 || total
---------------------------+-------+-------+-------+-------++-------
  Melee: War axe           |    68 |    74 |   298 |   219 ||   659
         Unarmed           |       |       |    14 |       ||    14
         Battleaxe         |       |       |       |    95 ||    95
  Throw: Dart              |       |       |       |     3 ||     3
 Invoke: Heroism           |       |       |     1 |     2 ||     3
         Finesse           |       |       |       |     1 ||     1
Ability: Dig               |       |       |       |     8 ||     8
  Evoke: Wand              |       |       |       |     2 ||     2
    Use: Scroll            |       |       |       |    15 ||    15
         Potion            |       |       |       |     5 ||     5
   Stab: Paralysed         |       |       |       |     8 ||     8
         Confused          |       |       |       |     1 ||     1
 Armour: Scale mail        |    43 |    33 |   114 |       ||   190
         Skin              |       |       |     5 |       ||     5
         Chain mail        |       |       |    19 |       ||    19
         Plate armour      |       |       |    12 |   179 ||   191
  Dodge: Dodged            |    56 |    36 |   140 |    73 ||   305
  Block: Buckler           |    15 |    22 |    87 |       ||   124
         Kite shield       |       |       |    54 |   299 ||   353
         Reflection        |       |       |     1 |     4 ||     5

Table legend: (Time is in decaauts)
 A = Elapsed time spent in this place.
 B = Non-inter-level travel time spent in this place.
 C = Inter-level travel time spent in this place.
 D = Time resting spent in this place.
 E = Time spent auto-exploring this place.
 F = Levels seen in this place.
 G = Mean time per level.
                   A        B        C        D        E       F      G
               +--------+--------+--------+--------+--------+-----+--------+
         Total |   7723 |   6906 |    817 |     33 |     49 |  13 |  594.1 |
       Dungeon |   7238 |   6428 |    810 |     33 |      0 |  11 |  658.0 |
        Temple |    186 |    179 |      7 |      0 |     49 |   1 |  186.0 |
      Gauntlet |    298 |    298 |      0 |      0 |      0 |   1 |  298.0 |
               +--------+--------+--------+--------+--------+-----+--------+

Top non-repeatable levels by time:
     D:9: 925 daAuts
     D:5: 899 daAuts
     D:4: 821 daAuts
     D:8: 707 daAuts
     D:6: 706 daAuts
     D:1: 684 daAuts
    D:10: 677 daAuts
     D:7: 650 daAuts
     D:2: 548 daAuts
     D:3: 532 daAuts
Gauntlet: 298 daAuts
  Temple: 186 daAuts
    D:11: 86 daAuts
